 Dungeon Crawl Stone Soup version 0.25-a0-265-g7af84ae (webtiles) character file.

Game seed: 16201339911731810091, levelgen mode: deterministic

212 Blackhawk the Grasshopper (level 5, -2/43 HPs)
             Began as a Gnoll Wanderer on Dec 8, 2019.
             Killed from afar by Robin (6 damage)
             ... with a puff of flame
             ... on level 4 of the Dungeon.
             The game lasted 00:04:03 (3336 turns).

Blackhawk the Grasshopper (Gnoll Wanderer)          Turns: 3336, Time: 00:04:03

Health: -2/43      AC:  5    Str: 14    XL:     5   Next: 90%
Magic:  9/9        EV: 11    Int: 17    God:
Gold:   125        SH:  5    Dex: 16    Spells: 10/10 levels left

rFire    . . .     SeeInvis .   a - +0 hand axe
rCold    . . .     Gourm    .   (no shield)
rNeg     . . .     Faith    .   g - +0 ring mail (curse)
rPois    .         Spirit   .   (no helmet)
rElec    .         Reflect  +   (no cloak)
rCorr    .         Harm     .   (no gloves)
MR       .....                  (no boots)
Stlth    +.........             c - +5 amulet of reflection
HPRegen  0.14/turn              i - +3 ring of dexterity
MPRegen  0.11/turn              (no ring)

@: no status effects
A: distributed training, fangs 1, strong nose
a: no special abilities


You were on level 4 of the Dungeon.
You were near starving.

You visited 1 branch of the dungeon, and saw 4 of its levels.

You collected 125 gold pieces.

Inventory:

Hand Weapons
 a - a +0 hand axe (weapon)
Armour
 d - a +0 robe
 g - a cursed +0 ring mail (worn)
 q - a +0 chain mail
Jewellery
 c - a +5 amulet of reflection (around neck)
 i - a +3 ring of dexterity (left hand)
Scrolls
 j - a scroll of fear {unknown}
 k - a scroll of immolation {unknown}
 l - a scroll of enchant armour {unknown}
 o - 2 scrolls of identify {unknown}
 p - a scroll of noise {unknown}
 r - a scroll of enchant weapon {unknown}
Potions
 b - 2 potions of mutation {unknown}
 e - 2 potions of ambrosia {unknown}
 h - a potion of agility {unknown}
 m - a potion of curing
 n - a potion of lignification {unknown}
Comestibles
 f - 9 rations


   Skills:
 + Level 4.8 Fighting
 + Level 1.6 Short Blades
 + Level 1.6 Long Blades
 + Level 3.0 Axes
 + Level 1.6 Maces & Flails
 + Level 1.6 Polearms
 + Level 1.6 Staves
 + Level 1.6 Slings
 + Level 1.6 Bows
 + Level 1.6 Crossbows
 + Level 1.6 Throwing
 + Level 1.6 Armour
 + Level 1.6 Dodging
 + Level 1.6 Stealth
 + Level 1.6 Shields
 + Level 1.6 Unarmed Combat
 + Level 3.2 Spellcasting
 + Level 1.3 Conjurations
 + Level 1.3 Hexes
 + Level 2.4 Charms
 + Level 1.3 Summonings
 + Level 1.3 Necromancy
 + Level 5.6 Translocations
 + Level 1.3 Transmutations
 + Level 1.3 Fire Magic
 + Level 1.3 Ice Magic
 + Level 1.3 Air Magic
 + Level 1.3 Earth Magic
 + Level 1.3 Poison Magic
 + Level 1.8 Invocations
 + Level 4.8 Evocations


You had 10 spell levels left.
You didn't know any spells.
Your spell library contained the following spells:

 Spells                   Type           Power        Failure   Level  Hunger
 Blink                    Tloc           N/A          5%          2    ##.....
 Foxfire                  Conj/Fire      #...         21%         1    None
 Magic Dart               Conj           #...         21%         1    None
 Call Imp                 Summ           #.......     30%         2    ##.....
 Slow                     Hex            #.......     30%         2    ##.....
 Conjure Flame            Conj/Fire      #.......     52%         3    ###....
 Ignite Poison            Fire/Tmut/Pois #.......     52%         3    ###....
 Mephitic Cloud           Conj/Pois/Air  #.......     52%         3    ###....


Dungeon Overview and Level Annotations

Branches:
Dungeon (4/15)
 Temple: D:4-7

Altars:
Ashenzari
Fedhas
Hepliaklqana
Sif Muna
Wu Jian

Annotations:
D:4 Robin


Innate Abilities, Weirdness & Mutations

Your experience applies equally to all skills.
You have very sharp teeth.
Your uncanny sense of smell can sniff out nearby items.


Message History

You see here a +0 dagger.
Throwing (i - inventory)
s - 3 poisoned darts (quivered)
Press: ? - help, Shift-Dir - straight line, f/p - Robin
Aim: Robin, wielding a +0 trident, wearing a cursed +0 animal skin, wearing a +0 helmet and carrying a wand of flame (17) (lightly wounded, poisoned)
You throw a poisoned dart. The poisoned dart barely misses Robin.
Robin zaps a wand.
The puff of flame hits you.
* * * LOW HITPOINT WARNING * * *
Robin looks more healthy.
Robin zaps a wand.
The puff of flame hits you.
* * * LOW HITPOINT WARNING * * *
Throwing (i - inventory)
s - 2 poisoned darts (quivered)
Press: ? - help, Shift-Dir - straight line, f/p - Robin
Aim: Robin, wielding a +0 trident, wearing a cursed +0 animal skin, wearing a +0 helmet and carrying a wand of flame (15) (moderately wounded)
You throw a poisoned dart. The poisoned dart barely misses Robin.
Throwing (i - inventory)
s - a poisoned dart (quivered)
Press: ? - help, Shift-Dir - straight line, f/p - Robin
Aim: Robin, wielding a +0 trident, wearing a cursed +0 animal skin, wearing a +0 helmet and carrying a wand of flame (15) (moderately wounded)
You throw a poisoned dart. The poisoned dart hits Robin.
Robin is poisoned.
Robin is moderately wounded.
Robin zaps a wand.
The puff of flame hits you.
You die...

#.#########
#)(...)...#
#†#######.# #)#
#(# .g# #.#
.... #.# #.###
##.## #.
#####(..######
#.
......._.(g@..#
#
.#####...####.#
##.## #.# #.#
#.# #.# #.####
#.# ###....#
#.# #.#.##.# #.
#.#.##.# #.# ∆
#.#..#.#


You could see Robin.

Vanquished Creatures
  An ogre (D:4)
  An iguana (D:4)
  Ijyb (D:3)
  An adder (D:3)
  2 oozes
  A dart slug (D:2)
  2 leopard geckos
  4 orcs
  4 bats
  3 giant cockroaches
  11 goblins
  5 hobgoblins
  5 kobolds (D:3)
  4 frilled lizards
  4 rats
49 creatures vanquished.

Notes
Turn   | Place    | Note
-------+----------+-------------------------------------------
     0 | D:1      | Blackhawk the Gnoll Wanderer began the quest for the Orb.
     0 | D:1      | Blackhawk set off with the following items: a +0 hand axe,
                  | a +0 robe, a ration; and the following spells available to
                  | memorise: Blink, Foxfire, Magic Dart, Call Imp, Slow,
                  | Conjure Flame, Ignite Poison, Mephitic Cloud
     0 | D:1      | Reached XP level 1. HP: 20/20 MP: 4/4
   195 | D:1      | Reached XP level 2. HP: 26/26 MP: 5/5
   345 | D:1      | Found a shattered altar of Ashenzari.
   856 | D:2      | Reached XP level 3. HP: 19/31 MP: 7/7
   982 | D:2      | Found a blossoming altar of Fedhas.
  1699 | D:3      | Reached skill level 1 in Invocations
  1979 | D:3      | Noticed Ijyb
  2038 | D:3      | Killed Ijyb
  2038 | D:3      | Reached skill level 1 in Short Blades
  2038 | D:3      | Reached skill level 1 in Long Blades
  2038 | D:3      | Reached skill level 1 in Maces & Flails
  2038 | D:3      | Reached skill level 1 in Polearms
  2038 | D:3      | Reached skill level 1 in Staves
  2038 | D:3      | Reached skill level 1 in Slings
  2038 | D:3      | Reached skill level 1 in Bows
  2038 | D:3      | Reached skill level 1 in Crossbows
  2038 | D:3      | Reached skill level 1 in Throwing
  2038 | D:3      | Reached skill level 1 in Armour
  2038 | D:3      | Reached skill level 1 in Dodging
  2038 | D:3      | Reached skill level 1 in Stealth
  2038 | D:3      | Reached skill level 1 in Shields
  2038 | D:3      | Reached skill level 1 in Unarmed Combat
  2038 | D:3      | Reached XP level 4. HP: 14/38 MP: 8/8
  2464 | D:3      | Reached skill level 1 in Conjurations
  2464 | D:3      | Reached skill level 1 in Hexes
  2464 | D:3      | Reached skill level 1 in Summonings
  2464 | D:3      | Reached skill level 1 in Necromancy
  2464 | D:3      | Reached skill level 1 in Transmutations
  2464 | D:3      | Reached skill level 1 in Fire Magic
  2464 | D:3      | Reached skill level 1 in Ice Magic
  2464 | D:3      | Reached skill level 1 in Air Magic
  2464 | D:3      | Reached skill level 1 in Earth Magic
  2464 | D:3      | Reached skill level 1 in Poison Magic
  2776 | D:3      | Found a shimmering blue altar of Sif Muna.
  2776 | D:3      | Found an ornate altar of the Wu Jian Council.
  2996 | D:4      | Noticed an ogre
  3018 | D:4      | Killed an ogre
  3018 | D:4      | Reached XP level 5. HP: 12/43 MP: 9/9
  3259 | D:4      | Found a hazy altar of Hepliaklqana.
  3305 | D:4      | Noticed Robin
  3336 | D:4      | Killed from afar by Robin

Levels and vault maps discovered:
D:1:      ncdulo_wetmaze, layout_basic, evilmike_ruin_ashenzari
D:2:      layout_loops_ring, first_ration, minivault_14, fedhas_ov_isle_minmay
D:3:      layout_basic, amethyst_overflow_temple_binary, uniq_ijyb
D:4:      layout_loops_cross, nicolae_overflow_crystal_walls,
          ebering_ghost_sewer_d, corexii_corridor_pit, kennysheep_nub,
          uniq_edmund, uniq_robin, uniq_blork_the_orc, uniq_duvessa

Skill      XL: |  1  2  3  4 |
---------------+-------------+-----
Charms         | 2 |  2.4
Invocations    | 1 |  1.8
Short Blades   | 1 |  1.6
Long Blades    | 1 |  1.6
Maces & Flails | 1 |  1.6
Polearms       | 1 |  1.6
Staves         | 1 |  1.6
Slings         | 1 |  1.6
Bows           | 1 |  1.6
Crossbows      | 1 |  1.6
Throwing       | 1 |  1.6
Armour         | 1 |  1.6
Dodging        | 1 |  1.6
Stealth        | 1 |  1.6
Shields        | 1 |  1.6
Unarmed Combat | 1 |  1.6
Spellcasting   | 3 |  3.2
Conjurations   | 1 |  1.3
Hexes          | 1 |  1.3
Summonings     | 1 |  1.3
Necromancy     | 1 |  1.3
Transmutations | 1 |  1.3
Fire Magic     | 1 |  1.3
Ice Magic      | 1 |  1.3
Air Magic      | 1 |  1.3
Earth Magic    | 1 |  1.3
Poison Magic   | 1 |  1.3
Axes           | 3 |  3.0
Fighting       | |  4.8
Translocations | |  5.6
Evocations     | |  4.8

Action                   |  1- 3 |  4- 6 || total
-------------------------+-------+-------++-------
Melee: Hand axe          |   139 |    52 ||   191
       Bite              |    17 |     4 ||    21
       Punch             |     1 |       ||     1
Throw: Dart              |       |     8 ||     8
 Stab: Sleeping          |     1 |       ||     1
  Eat: Chunk             |     3 |     3 ||     6
Armor: Robe              |     3 |       ||     3
       Ring mail         |    44 |    18 ||    62
Dodge: Dodged            |    51 |    25 ||    76
Block: Other             |    23 |    16 ||    39

Table legend:
 A = Non-vault XP
 B = Vault XP
 C = Vault XP percentage of total XP
 D = Non-vault monster count
 E = Vault monster count
 F = Vault count percentage of total count
                 A         B        C        D         E       F
            +---------+---------+-------+---------+---------+-------
      Total |     259 |      45 |  14.8 |      43 |       6 |  12.2
            +---------+---------+-------+---------+---------+-------
        D:1 |      27 |       0 |   0.0 |      14 |       0 |   0.0
        D:2 |      25 |       0 |   0.0 |       9 |       0 |   0.0
        D:3 |      45 |      36 |  44.4 |      17 |       1 |   5.6
        D:4 |     162 |       9 |   5.3 |       3 |       5 |  62.5
            +---------+---------+-------+---------+---------+-------
